 Dungeon Crawl Stone Soup version 0.26.1-11-gd32895ea62 (webtiles) character file.

Game seed: 3259061825805142372

13652 phalm the Destroyer (level 11, -3/83 HPs)
             Began as a Demonspawn Conjurer on June 24, 2021.
             Was an Initiate of Gozag.
             Slain by a death yak (19 damage)
             ... on level 9 of the Dungeon.
             The game lasted 00:28:54 (18311 turns).

phalm the Destroyer (Demonspawn Conjurer)          Turns: 18311, Time: 00:28:54

Health: -3/83      AC: 11    Str: 14    XL:     11   Next: 78%
Magic:  6/20       EV: 12    Int: 23    God:    Gozag
Gold:   2255       SH:  0    Dex: 15    Spells: 8/22 levels left

rFire    . . .     SeeInvis .   L - +1 rapier (venom)
rCold    . . .     Faith    .   (no shield)
rNeg     . . .     Spirit   .   O - +3 leather armour {rPois}
rPois    +         Reflect  .   m - +0 helmet
rElec    .         Harm     .   R - +1 cloak
rCorr    .         Rampage  .   G - +0 pair of gloves
Will     +....                  c - +0 pair of boots
Stlth    ++++......             (no amulet)
HPRegen  0.23/turn              S - +6 ring of strength
MPRegen  0.17/turn              T - ring of Qunoc {+Fly Will+}

@: no status effects
A: claws 1, thin skeletal structure 2, powered by death 2
a: Renounce Religion, Evoke Flight, Potion Petition, Call Merchant, Bribe Branch


You were on level 9 of the Dungeon.
You worshipped Gozag.
Gozag was most pleased with you.
You visited 2 branches of the dungeon, and saw 12 of its levels.
You also visited: Ossuary.

You collected 2512 gold pieces.
You spent 123 gold pieces at shops.
You paid 134 gold pieces to Gozag.


Innate Abilities, Weirdness & Mutations

You have sharp fingernails.
You have a moderately thin skeletal structure. (Dex +4, Stealth+)
You regenerate health from kills.


   Skills:
 + Level 6.7 Fighting
 + Level 2.9 Armour
 - Level 1.7 Dodging
 - Level 1.7 Stealth
 + Level 6.4 Spellcasting
 - Level 9.0 Conjurations
 * Level 5.9 Hexes
 - Level 7.0 Translocations
 - Level 7.0 Air Magic
 - Level 7.0 Poison Magic


You had 8 spell levels left.
You knew the following spells:

 Your Spells              Type           Power        Failure   Level
c - Mephitic Cloud        Conj/Pois/Air  42%          1%          3
f - Fulminant Prism       Conj/Hex       20%          4%          4
m - Magic Dart            Conj           100%         1%          1
s - Searing Ray           Conj           96%          1%          2
X - Iskenderun's Mystic   Conj/Tloc      44%          3%          4

Your spell library contained the following spells:

 Spells                   Type           Power        Failure   Level
 Blink                    Tloc           N/A          1%          2
 Slow                     Hex            34%          1%          2
 Dazzling Flash           Conj/Hex       82%          1%          3
 Gell's Gravitas          Tloc           19%          1%          3
 Confusing Touch          Hex            34%          2%          3
 Conjure Flame            Conj/Fire      28%          4%          3
 Call Imp                 Summ           7%           16%         2
 Metabolic Englaciation   Hex/Ice        10%          63%         5
 Yara's Violent Unravell  Hex/Tmut       10%          63%         5
 Petrify                  Tmut/Erth      7%           69%         4

Inventory:

Hand Weapons
 g - a +0 short sword
   (You took it off a kobold on level 1 of the Dungeon)
 h - a +0 hand axe
   (You found it on level 1 of the Dungeon)
 w - a +2 vampiric short sword
   (You took it off a kobold on level 3 of the Dungeon)
 L - a +1 rapier of venom (weapon)
   (You found it on level 6 of the Dungeon)
 N - a +2 long sword of electrocution
   (You took it off an orc warrior on level 6 of the Dungeon)
Missiles
 b - 312 stones
 i - 72 bolts
 n - 32 poisoned darts (quivered)
 o - 126 arrows
 r - 104 sling bullets
 D - 15 boomerangs
 P - 2 throwing nets {=f!f}
 Q - 5 atropa-tipped darts
Armour
 a - the +3 robe of Tenacity {Regen+}
   (You took it off an orc wizard on level 9 of the Dungeon)

   It increases your rate of regeneration.
 c - a +0 pair of boots (worn)
   (You found it on level 1 of the Dungeon)
 j - a cursed -2 kite shield
   (You found it on level 1 of the Dungeon)
 m - a +0 helmet (worn)
   (You found it on level 2 of the Dungeon)
 G - a +0 pair of gloves (worn)
   (You found it on level 5 of the Dungeon)
 O - a +3 leather armour of poison resistance (worn)
   (You took it off an orc on level 7 of the Dungeon)
 R - a +1 cloak (worn)
   (You found it on level 8 of the Dungeon)
Jewellery
 v - an uncursed ring of see invisible
   (You found it on level 8 of the Dungeon)
 S - a +6 ring of strength (left hand)
   (You found it in an ossuary)
 T - the ring of Qunoc (right hand) {+Fly Will+}
   (You found it on level 10 of the Dungeon)

   [ring of willpower]

   It affects your willpower, your defense against some magical effects.
   It lets you fly.
Wands
 t - a wand of flame (10)
   (You found it on level 10 of the Dungeon)
 F - a wand of polymorph (12)
   (You found it on level 5 of the Dungeon)
 M - a wand of random effects (46)
   (You found it on level 7 of the Dungeon)
Scrolls
 d - a scroll of summoning {unknown}
 e - 5 scrolls of amnesia
 f - 14 scrolls of remove curse {@r2}
 q - 8 scrolls of teleportation {@r4}
 s - a scroll of magic mapping {!r}
 u - 2 scrolls of enchant armour
 y - 7 scrolls of fear
 E - 4 scrolls of blinking {!r}
 H - a scroll of torment {!r}
 J - a scroll of immolation {!r!r}
 U - a scroll of noise {unknown}
Potions
 k - 6 potions of heal wounds {@q2}
 l - 8 potions of haste {@q3}
 p - 5 potions of might
 x - 2 potions of berserk rage {!q}
 z - 3 potions of ambrosia
 A - a potion of lignification {!q}
 B - 5 potions of curing {@q1}
 C - a potion of mutation {unknown}
 I - 3 potions of attraction {unknown}
 K - a potion of flight {unknown}

Dungeon Overview and Level Annotations

Branches:
Dungeon (11/15)            Temple (1/1) D:4            Lair (0/6) D:11
Ossuary (visited)
    Orc: D:9-12

Altars:
Fedhas
Gozag
Hepliaklqana
Nemelex Xobeh
Qazlal
Ru
Sif Muna
Trog
Wu Jian
Xom
Yredelemnul
The Shining One

Shops:
D:6 ?   D:9 ?

Annotations:
D:3 2 transporters

.................................
...........................).....
.................................
................#######...#######
...####....##...# #...# #
...####....##...#######)..# #
....................[.)...#######
.................................
...............Y@............)...
............#####..........######
.>..........# #..........#
............# #..........#
............# #..........#
............# #..........#
............#####..........#
.......(.....(.............#
############################


You could see a death yak.


Message History

The death yak is knocked back by the mystic blast. 😮 MP[-4]
You lost 4 mp, and now have 16/20 mp. 😮 HP[+1] 😮 HP[+1] MP[+1]
Aiming: Throw Flame
Press: ? - help, Shift-Dir - straight line, f - death yak
Aim: a death yak (lightly wounded, 11% to evade)
The puff of flame misses the death yak.
Casting: Iskenderun's Mystic Blast (dangerous; 3% risk of failure)
Confirm with . or Enter, or press ? or * to list all spells.
You miscast Iskenderun's Mystic Blast.
You are very lightly contaminated with residual magic.
Nothing appears to happen.
The death yak gores you! 😮 HP[-7] MP[-4]
You take 7 damage, and now have 47/83 hp.
You lost 4 mp, and now have 13/20 mp.
Casting: Iskenderun's Mystic Blast (dangerous; 3% risk of failure)
Confirm with . or Enter, or press ? or * to list all spells.
You erupt in a blast of force!
The mystic blast hits the death yak.
The death yak is knocked back by the mystic blast. 😮 MP[-3]
You lost 3 mp, and now have 10/20 mp.
Casting: Iskenderun's Mystic Blast (dangerous; 3% risk of failure)
Confirm with . or Enter, or press ? or * to list all spells.
You erupt in a blast of force!
The mystic blast hits the death yak.
The death yak is knocked back by the mystic blast. 😮 MP[-4]
You lost 4 mp, and now have 6/20 mp. 😮 HP[+1] Throw: 34 darts (poison)
Press: ? - help, Q - select action, (/) - cycle Shift-Dir - straight line, f/p - death yak
Aim: a death yak (lightly wounded, 79% to hit)
You throw a poisoned dart. The poisoned dart hits the death yak.
The death yak is poisoned. 😮 MP[+1]
Your magical contamination has completely faded away. 😮 HP[+1]
The death yak snorts and paws the ground.
The death yak looks more healthy. 😮 HP[+1] MP[+1] Throw: 33 darts (poison)
Press: ? - help, Q - select action, (/) - cycle Shift-Dir - straight line, f/p - death yak
Aim: a death yak (lightly wounded, 79% to hit)
You throw a poisoned dart.
The poisoned dart barely misses the death yak. 😮 HP[+1] 😮 MP[+1] 😮 HP[+1]
Casting: Iskenderun's Mystic Blast (dangerous; 3% risk of failure)
Confirm with . or Enter, or press ? or * to list all spells.
You erupt in a blast of force!
The mystic blast hits the death yak but does no damage.
The death yak gores you!
* * * LOW HITPOINT WARNING * * *
😨 HP[-13] MP[-4]
You take 13 damage, and now have 39/83 hp.
You lost 4 mp, and now have 5/20 mp. 😨 MP[+1]
Casting: Iskenderun's Mystic Blast (dangerous; 3% risk of failure)
Confirm with . or Enter, or press ? or * to list all spells.
You erupt in a blast of force!
The mystic blast hits the death yak but does no damage. 😨 HP[+1] MP[-4]
You lost 4 mp, and now have 2/20 mp.
The death yak gores you!!
* * * LOW HITPOINT WARNING * * *
😱 HP[-26]
You take 26 damage, and now have 14/83 hp.
MASSIVE DAMAGE!! (PAUSE) 😱 HP[+1] MP[+1] 😱 HP[+1] 😱 MP[+1] 😱 HP[+1]
Casting: Iskenderun's Mystic Blast (dangerous; 3% risk of failure)
Confirm with . or Enter, or press ? or * to list all spells.
You erupt in a blast of force!
The mystic blast hits the death yak.
The death yak gores you!
* * * LOW HITPOINT WARNING * * *
😱 HP[-9] MP[-4]
You take 9 damage, and now have 8/83 hp.
You lost 4 mp, and now have 0/20 mp.
Unknown command. 😱 MP[+1] 😱 HP[+1] 😱 HP[+1] 😱 MP[+1] 😱 HP[+1] 😱 MP[+1] 😱 HP[+1]
The death yak snorts and paws the ground. 😱 HP[+1] MP[+1] 😱 HP[+1] 😱 MP[+1] 😱 HP[+1] 😱 MP[+1] 😱 HP[+1]
The death yak gores you!!
You die...
Your body crumbles into a pile of gold.

Skill      XL: |  1  2  3  4  5  6  7  8  9 10 11 |
---------------+----------------------------------+-----
Fighting       | 1 2 3 4 5 6 |  6.7
Conjurations   | 5 6 7 8 9 |  9.0
Translocations | 1 2 3 4 5 6 7 |  7.0
Spellcasting   | 3 4 5 6 |  6.4
Poison Magic   | 1 3 5 6 7 |  7.0
Air Magic      | 1 3 4 6 7 |  7.0
Hexes          | 3 5 |  5.9
Armour         | 2 |  2.9
Dodging        | |  1.7
Stealth        | |  1.7

Action                   |  1- 3 |  4- 6 |  7- 9 | 10-12 || total
-------------------------+-------+-------+-------+-------++-------
Melee: Short sword       |       |     3 |    15 |       ||    18
       Rapier            |       |       |    42 |    39 ||    81
Throw: Stone             |     1 |     1 |       |       ||     2
       Dart              |       |    11 |     1 |     5 ||    17
 Cast: Magic Dart        |    36 |   147 |   193 |   223 ||   599
       Searing Ray       |     4 |     6 |    59 |    74 ||   143
       Iskenderun's Myst |       |     5 |       |    36 ||    41
       Mephitic Cloud    |       |       |       |     2 ||     2
Evoke: Wand              |       |       |       |     7 ||     7
  Use: Scroll            |       |       |    12 |     5 ||    17
 Stab: Sleeping          |       |     1 |       |     1 ||     2
       Confused          |       |       |       |     2 ||     2
       Distracted        |       |       |       |     1 ||     1
Armor: Robe              |       |     5 |    24 |       ||    29
       Leather armour    |       |       |    23 |    63 ||    86
Dodge: Dodged            |     3 |    12 |   100 |   101 ||   216

Levels and vault maps discovered:
D:1:      dpeg_arrival_connections, layout_loops_cross, minmay_misc_feat_room
D:2:      layout_basic, nicolae_qazlal_general_emergency,
          kennysheep_cross_bottleneck
D:3:      cheibrodos_helix_gallery, layout_basic, overflow_temple_1_default,
          gammafunk_temple_overflow_arena, serial_bayou, serial_bayou_shore_a,
          serial_bayou_pond_c, serial_bayou_ford_a, serial_bayou_lagoon_b
D:4:      layout_loops_ring, lemuel_doored_altar, minmay_temple_entry_fiery,
          chequers_serial_rivers_micro_c, kennysheep_pointless_box
D:5:      layout_basic, xom_teletrap_fun
D:6:      layout_loops_ring, kennysheep_mini_moat, serial_shops,
          kennysheep_little_box, nicolae_ossuary_entry_monument
D:7:      layout_cave_pools, yredelemnul_forgotten_temple_becter, kb_rosetta,
          uniq_harold, uniq_prince_ribbit1
D:8:      layout_loops_ring, uniq_erica
D:9:      layout_small_grid, nzn_hepliaklqana_mist_gate, serial_shops,
          shop_coins, hangedman_misty_isle, uniq_joseph
D:10:     layout_irregular_city
D:11:     layout_loops_ring, dpeg_lair_monsters
Temple:   regret_index_temple_waves

Notes
Turn   | Place    | Note
-------+----------+-------------------------------------------
     0 | D:1      | phalm the Demonspawn Conjurer began the quest for the Orb.
     0 | D:1      | Reached XP level 1. HP: 13/13 MP: 3/3
     0 | D:1      | magus.rc [v1.9.10]
   534 | D:1      | Gained mutation: You have a somewhat thin skeletal
                  | structure. (Dex +2, Stealth) [demonic ancestry]
   534 | D:1      | Reached XP level 2. HP: 20/20 MP: 0/5
   676 | D:1      | Reached skill level 1 in Fighting
   825 | D:2      | Learned a level 2 spell: Searing Ray
   893 | D:2      | Reached XP level 3. HP: 22/26 MP: 1/6
  1199 | D:2      | Reached XP level 4. HP: 32/32 MP: 1/7
  1284 | D:2      | Reached skill level 5 in Conjurations
  1289 | D:2      | Learned a level 4 spell: Iskenderun's Mystic Blast
  1434 | D:2      | Found a stormy altar of Qazlal.
  2285 | D:2      | Reached skill level 1 in Translocations
  2379 | D:2      | You pick up a book of Minor Magic and begin reading...
  2379 | D:2      | You add the spells Blink, Call Imp, Slow, Conjure Flame and
                  | Mephitic Cloud to your library.
  2613 | D:3      | Reached skill level 2 in Fighting
  2613 | D:3      | Reached XP level 5. HP: 38/38 MP: 3/9
  2827 | D:3      | Found a transporter.
  2830 | D:3      | Noticed an ice beast
  2860 | D:3      | Found a transporter.
  2987 | D:3      | Found a glowing golden altar of the Shining One.
  3125 | D:3      | Found a shimmering blue altar of Sif Muna.
  3442 | D:3      | Reached skill level 3 in Spellcasting
  4281 | D:4      | Noticed an ogre
  4283 | D:4      | Reached skill level 2 in Translocations
  4283 | D:4      | Gained mutation: You have a moderately thin skeletal
                  | structure. (Dex +4, Stealth+) [demonic ancestry]
  4283 | D:4      | Reached XP level 6. HP: 43/46 MP: 1/10
  4336 | D:4      | HP: 3/46 [ogre/+0 giant spiked club (18)]
  4820 | D:4      | Found an ornate altar of the Wu Jian Council.
  5047 | D:4      | Found a staircase to the Ecumenical Temple.
  5053 | Temple   | Entered the Ecumenical Temple
  5068 | Temple   | Became a worshipper of Gozag Ym Sagoz the Greedy
  5165 | D:5      | Entered Level 5 of the Dungeon
  5165 | D:5      | Noticed an ice beast
  5276 | D:4      | Killed an ice beast
  5277 | D:4      | Reached skill level 6 in Conjurations
  5382 | D:5      | Gained mutation: You regenerate a little health from kills.
                  | [demonic ancestry]
  5382 | D:5      | Reached XP level 7. HP: 42/51 MP: 8/12
  5387 | D:4      | Reached skill level 3 in Fighting
  5396 | D:5      | Reached skill level 3 in Translocations
  5462 | D:5      | Learned a level 3 spell: Mephitic Cloud
  5714 | D:5      | Found a shimmering altar of Xom.
  5747 | D:5      | Reached skill level 1 in Poison Magic
  5873 | D:5      | Reached skill level 1 in Air Magic
  6569 | D:6      | Gained mutation: You have sharp fingernails. [demonic
                  | ancestry]
  6569 | D:6      | Reached XP level 8. HP: 52/58 MP: 9/13
  6589 | D:6      | Reached skill level 2 in Poison Magic
  6590 | D:6      | Reached skill level 2 in Air Magic
  6599 | D:6      | Found a sand-covered staircase.
  6660 | Ossuary  | Entered an ossuary
  6738 | Ossuary  | Reached skill level 4 in Translocations
  6836 | Ossuary  | Reached skill level 4 in Spellcasting
  6916 | Ossuary  | Reached skill level 7 in Conjurations
  7259 | Ossuary  | Reached skill level 3 in Poison Magic
  7727 | Ossuary  | Reached skill level 3 in Air Magic
  7958 | Ossuary  | Reached skill level 4 in Fighting
  8362 | D:6      | Found Aphorramp's Magic Scroll Emporium.
  8671 | D:6      | Found a sparkling altar of Nemelex Xobeh.
  8926 | D:7      | Noticed Prince Ribbit
  9070 | D:7      | Reached XP level 9. HP: 65/65 MP: 9/15
  9480 | D:7      | Reached skill level 4 in Poison Magic
  9667 | D:7      | Found a basalt altar of Yredelemnul.
  9745 | D:7      | Killed Prince Ribbit
  9746 | D:7      | Reached skill level 5 in Translocations
 10018 | D:7      | Noticed Harold
 10030 | D:7      | Killed Harold
 10031 | D:7      | Reached skill level 8 in Conjurations
 10031 | D:7      | Reached skill level 4 in Air Magic
 10294 | D:7      | Reached skill level 5 in Poison Magic
 10798 | D:8      | Reached skill level 5 in Spellcasting
 10973 | D:8      | Reached XP level 10. HP: 73/73 MP: 12/17
 11194 | D:8      | Reached skill level 5 in Air Magic
 11539 | D:8      | You pick up a book of Misfortune and begin reading...
 11539 | D:8      | You add the spells Confusing Touch, Gell's Gravitas,
                  | Petrify, Metabolic Englaciation and Yara's Violent
                  | Unravelling to your library.
 11569 | D:8      | Learned a level 4 spell: Fulminant Prism
 11575 | D:8      | Noticed a two-headed ogre
 11581 | D:8      | Reached skill level 5 in Fighting
 11581 | D:8      | Reached skill level 6 in Translocations
 11583 | D:8      | Killed a two-headed ogre
 11584 | D:8      | Reached skill level 1 in Hexes
 11584 | D:8      | Noticed Erica
 11607 | D:8      | Killed Erica
 11608 | D:8      | Reached skill level 6 in Poison Magic
 11753 | D:8      | Reached skill level 2 in Hexes
 12607 | D:9      | Reached skill level 9 in Conjurations
 13066 | D:9      | Noticed Joseph
 13187 | D:9      | Killed Joseph
 13188 | D:9      | Reached skill level 3 in Hexes
 13188 | D:9      | Reached skill level 6 in Air Magic
 13456 | D:9      | Gained mutation: You regenerate health from kills. [demonic
                  | ancestry]
 13456 | D:9      | Reached XP level 11. HP: 79/80 MP: 14/19
 13623 | D:9      | Found Poohor's Magic Scroll Shoppe.
 13638 | D:9      | Bought a scroll of fear for 45 gold pieces
 13665 | D:9      | Bought a scroll of identify for 26 gold pieces
 13665 | D:9      | Bought a scroll of identify for 26 gold pieces
 13665 | D:9      | Bought a scroll of identify for 26 gold pieces
 13701 | D:9      | Found a hazy altar of Hepliaklqana.
 13980 | D:9      | Identified the +3 robe of Tenacity {Regen+}
 14549 | D:10     | Entered Level 10 of the Dungeon
 14636 | D:10     | Reached skill level 7 in Translocations
 15240 | D:10     | Reached skill level 4 in Hexes
 15240 | D:10     | Reached skill level 7 in Poison Magic
 15331 | D:10     | Reached skill level 1 in Armour
 15344 | D:10     | Reached skill level 6 in Fighting
 15631 | D:10     | Noticed a two-headed ogre
 15638 | D:10     | Killed a two-headed ogre
 15639 | D:10     | Reached skill level 6 in Spellcasting
 15898 | D:10     | Got a crude bronze ring
 15900 | D:10     | Identified the ring of Qunoc {+Fly Will+} (You found it on
                  | level 10 of the Dungeon)
 16424 | D:11     | Noticed an unseen horror
 16435 | D:11     | Killed an unseen horror
 16436 | D:11     | Reached skill level 2 in Armour
 16436 | D:11     | Reached skill level 5 in Hexes
 16436 | D:11     | Reached skill level 7 in Air Magic
 16624 | D:11     | Found a staircase to the Lair.
 16626 | D:11     | Noticed a death yak
 16626 | D:11     | Noticed a death yak
 16626 | D:11     | Noticed a death yak
 16642 | D:11     | Killed a death yak
 16644 | D:11     | HP: 15/83 [death yak (11)]
 16646 | D:11     | HP: 2/83 [death yak (16)]
 17042 | D:10     | Killed a death yak
 17489 | D:10     | HP: 12/83 [death yak (14)]
 17921 | D:10     | HP: 14/83 [death yak (21)]
 18262 | D:9      | HP: 14/83 [death yak (26)]
 18275 | D:9      | HP: 8/83 [death yak (9)]
 18311 | D:9      | Slain by a death yak

Vanquished Creatures
  Harold (D:7)
  Erica (D:8)
  2 two-headed ogres
  2 death yaks
  An unseen horror (D:11)
  Joseph (D:9)
  A komodo dragon (shapeshifter) (D:9)
  A troll (D:10)
  Prince Ribbit (D:7)
  A hornet (D:7)
  6 yaks (D:10)
  A wraith (D:10)
  2 wyverns
  3 steam dragons
  A basilisk (D:10)
  A soldier ant (D:11)
  4 ice beasts
  5 orc warriors
  6 sky beasts
  3 phantoms
  A hornet zombie (D:7)
  A black bear (D:10)
  8 ogres
  2 centaurs
  10 bullfrogs
  A wyvern skeleton (D:9)
  4 scorpions
  A water moccasin skeleton (D:9)
  8 killer bees (D:8)
  5 wights
  A howler monkey (D:8)
  7 bullfrog zombies
  2 centaur zombies
  2 jellies
  3 orc priests
  11 hounds
  A bullfrog skeleton (D:9)
  12 orc wizards
  A centaur skeleton (D:7)
  2 iguanas (D:10)
  4 worker ants
  4 hell rats
  A killer bee zombie (Ossuary)
  5 hound zombies (Ossuary)
  A hound skeleton (D:8)
  14 mummies (Ossuary)
  2 worker ant zombies (Ossuary)
  A howler monkey zombie (Ossuary)
  A howler monkey skeleton (D:9)
  10 adders
  A gnoll (D:1)
  2 river rats (D:11)
  2 shadow imps
  2 white imps
  4 ufetubi (D:7)
  An adder zombie (Ossuary)
  An adder skeleton (D:5)
  5 worms
  3 dart slugs
  5 leopard geckos
  31 orcs
  8 ball pythons
  9 giant cockroaches
  8 goblins
  9 hobgoblins
  10 jackals
  5 kobolds
  6 quokkas
  3 bats
  5 frilled lizards
  4 jackal zombies
  A leopard gecko zombie (Ossuary)
  2 quokka skeletons
  A quokka zombie (Ossuary)
  4 rats
  A spectral orc (D:7)
303 creatures vanquished.

Vanquished Creatures (others)
  11 plants (D:3)
  6 withered plants (Ossuary)
17 creatures vanquished.

Grand Total: 320 creatures vanquished

Table legend:
 A = Non-vault XP
 B = Vault XP
 C = Vault XP percentage of total XP
 D = Non-vault monster count
 E = Vault monster count
 F = Vault count percentage of total count
                 A         B        C        D         E       F
            +---------+---------+-------+---------+---------+-------
      Total |   12820 |    6684 |  34.3 |     242 |      61 |  20.1
            +---------+---------+-------+---------+---------+-------
        D:1 |      31 |       0 |   0.0 |      11 |       0 |   0.0
        D:2 |     147 |       0 |   0.0 |      33 |       0 |   0.0
        D:3 |      95 |       5 |   5.0 |      29 |       2 |   6.5
        D:4 |     442 |       0 |   0.0 |      15 |       0 |   0.0
        D:5 |     418 |       0 |   0.0 |      15 |       0 |   0.0
        D:6 |     829 |       0 |   0.0 |      24 |       0 |   0.0
        D:7 |     555 |    1761 |  76.0 |      18 |       7 |  28.0
        D:8 |    3044 |     939 |  23.6 |      31 |       1 |   3.1
        D:9 |    1875 |    1291 |  40.8 |      29 |       7 |  19.4
       D:10 |    3713 |     859 |  18.8 |      23 |       2 |   8.0
       D:11 |    1671 |    1003 |  37.5 |      14 |       8 |  36.4
    Ossuary |       0 |     826 | 100.0 |       0 |      34 | 100.0
            +---------+---------+-------+---------+---------+-------

Illustrated notes

Table legend:
 A = Kills in this place as a percentage of kills in entire the game.
 B = Kills by you in this place as a percentage of kills by you in the entire game.
 C = Kills by friends in this place as a percentage of kills by friends in the entire game.
 D = Other kills in this place as a percentage of other kills in the entire game.
 E = Experience gained in this place as a percentage of experience gained in the entire game.
 F = Experience gained in this place divided by the number of levels of this place that you have seen.
                   A       B       C       D       E      F
               +-------+-------+-------+-------+-------+----------------------
         Total | 100.0 | 100.0 |   N/A | 100.0 | 100.0 | 1500.3
       Dungeon |  88.8 |  88.7 |   N/A | 100.0 |  95.8 | 1698.0
       Ossuary |  11.2 |  11.3 |   N/A |   0.0 |   4.2 | 826.0
               +-------+-------+-------+-------+-------+----------------------

Table legend: (Time is in decaauts)
 A = Elapsed time spent in this place.
 B = Non-inter-level travel time spent in this place.
 C = Inter-level travel time spent in this place.
 D = Time resting spent in this place.
 E = Time spent auto-exploring this place.
 F = Levels seen in this place.
 G = Mean time per level.
                   A        B        C        D        E       F      G
               +--------+--------+--------+--------+--------+-----+--------+
         Total |  18401 |  18078 |    323 |    141 |  15324 |  13 | 1415.5 |
       Dungeon |  16927 |  16618 |    309 |    129 |  14112 |  11 | 1538.8 |
        Temple |     29 |     16 |     13 |      0 |     11 |   1 |   29.0 |
       Ossuary |   1444 |   1444 |      0 |     12 |   1199 |   1 | 1444.0 |
               +--------+--------+--------+--------+--------+-----+--------+

Top non-repeatable levels by time:
     D:9: 2728 daAuts
    D:10: 2456 daAuts
     D:8: 1904 daAuts
     D:3: 1538 daAuts
     D:7: 1509 daAuts
     D:2: 1469 daAuts
 Ossuary: 1444 daAuts
     D:4: 1433 daAuts
     D:6: 1313 daAuts
     D:5: 1066 daAuts
     D:1: 958 daAuts
    D:11: 548 daAuts
  Temple: 29 daAuts
